 Dungeon Crawl Stone Soup version 0.29.0-11-gd7f09526c8 (webtiles) character file.

Game seed: 4774689472972928783

179 xian the Chiller (level 5, -5/35 HPs)
             Began as a Merfolk Ice Elementalist on Sept 3, 2022.
             Killed from afar by a white imp (8 damage)
             ... with a puff of frost
             ... summoned by Natasha
             ... on level 4 of the Dungeon.
             The game lasted 00:11:57 (3249 turns).

xian the Chiller (Merfolk Ice Elementalist)         Turns: 3249, Time: 00:11:57

Health: -5/35      AC:  6    Str:  8    XL:     5   Next: 59%
Magic:  9/9        EV: 16    Int: 17    God:
Gold:   94         SH:  0    Dex: 14    Spells: 3/10 levels left

rFire   . . .      SeeInvis .   j - +2 short sword (speed)
rCold   . . .      Faith    .   (no shield)
rNeg    . . .      Spirit   .   b - +2 leather armour {Will+}
rPois   .          Reflect  .   (no helmet)
rElec   .          Harm     .   (no cloak)
rCorr   .          Rampage  .   q - +0 pair of gloves
Will    +....                   (no boots)
Stlth   ++........              (no amulet)
HPRegen 0.11/turn               f - +4 ring of evasion
MPRegen 0.11/turn               (no ring)

@: mighty
A: (nimble swimmer 2), mertail
a: no special abilities


You were on level 4 of the Dungeon.
You visited 1 branch of the dungeon, and saw 4 of its levels.

You collected 94 gold pieces.

Inventory:

Hand Weapons
 j - a +2 short sword of speed (weapon)
Armour
 b - a +2 leather armour of willpower (worn)
 q - a +0 pair of gloves (worn)
Magical Staves
 k - a staff of air
Jewellery
 f - a +4 ring of evasion (left hand)
Wands
 l - a wand of mindburst (14)
Scrolls
 c - a scroll of teleportation {unknown}
 d - 2 scrolls of fear {unknown}
 e - a scroll of immolation {unknown}
 g - 3 scrolls of enchant weapon {unknown}
 i - a scroll of identify {unknown}
 m - a scroll of magic mapping {unknown}
 o - a scroll of amnesia {unknown}
 p - a scroll of poison {unknown}
Potions
 h - a potion of resistance
 r - 2 potions of magic


   Skills:
 + Level 0.4 Short Blades
 + Level 1.0 Maces & Flails
 + Level 0.8 Armour
 + Level 3.0 Dodging
 + Level 3.3 Stealth
 + Level 3.0 Spellcasting
 + Level 5.6 Ice Magic


You had 3 spell levels left.
You knew the following spells:

 Your Spells              Type           Power      Damage    Failure   Level
a - Freeze                Ice            84%        1d10      2%          1
b - Frozen Ramparts       Ice            42%        1d7       8%          3
c - Ozocubu's Armour      Ice            21%        N/A       8%          3

Your spell library contained the following spells:

 Spells                   Type           Power      Damage    Failure   Level
 Sting                    Tmut/Pois      8%         1d3       24%         1
 Ignite Poison            Fire/Tmut/Pois 2%         N/A       58%         3
 Hailstorm                Conj/Ice       12%        3d5       61%         4
 Airstrike                Air            1%         2d(1-17)  94%         4
 Summon Lightning Spire   Summ/Air       2%         N/A       94%         4
 Storm Form               Tmut/Air       1%         N/A       100%        7


Dungeon Overview and Level Annotations

Branches:
Dungeon (4/15)
 Temple: D:4-7

Altars:

Shops:
D:1 [

Annotations:
D:3 Grinder
D:4 Natasha


Innate Abilities, Weirdness & Mutations

((You are very nimble when in or above water. (Stealth+, EV+, Speed+++)))
Your lower body shifts to a powerful aquatic tail in water.


Message History

Your legs become a tail as you enter the water.
Found 13 gold pieces.
Your legs become a tail as you enter the water.
Found a quokka skeleton.
Natasha casts a spell at you. The magic dart hits you.
Found an adder corpse.
Your legs become a tail as you enter the water.
The white imp gestures at you. The puff of frost hits you!
Natasha wildly gestures.
Natasha's front paws start to glow.
Your legs become a tail as you enter the water.
The white imp gestures at you. The puff of frost hits you!
* * * LOW HITPOINT WARNING * * *
Unknown command.
The white imp gestures at you. The puff of frost hits you.
* * * LOW HITPOINT WARNING * * *
Your legs become a tail as you enter the water.
Okay, then.
It was a potion of might.
You feel very mighty all of a sudden. The white imp gestures at you.
The puff of frost misses you.
Okay, then.
Casting: Freeze (safe; 2% risk of failure)
Confirm with . or Enter, or press ? or * to list all spells.
You don't know that spell.
Casting: Freeze (safe; 2% risk of failure)
Confirm with . or Enter, or press ? or * to list all spells.
Casting: Frozen Ramparts (dangerous; 8% risk of failure)
Press: ? - help, Dir - look around, f - activate Some deep water.
Okay, then.
Natasha casts a spell.
The white imp gestures at you. The puff of frost hits you!
You die...

####### ####.....
#.....#.## #........
#.......# #
###.......###.####
#................#
#.......≈.@....≈~#
#.......~~$...~~≈.
#......≈~≈~....~..
####.....h~~~~÷......
#........5≈≈≈~~......
#..[...~~≈5≈≈≈≈~.....
#....~~~≈≈≈§≈≈≈†≈....
#.......~~≈§≈≈≈≈~~...
#........~§≈§≈≈§≈~


You could see Natasha, a crimson imp (summoned) and a white imp (summoned).

Vanquished Creatures
  A hound (D:4)
  Ijyb (D:3)
  An iguana (D:4)
  3 adders
  A worm (D:2)
  2 dart slugs (D:1)
  3 orcs (D:3)
  8 ball pythons
  3 endoplasms
  2 giant cockroaches
  5 goblins
  6 hobgoblins
  2 jackals (D:4)
  3 quokkas
  6 bats
  4 frilled lizards
  6 kobolds
  6 rats
63 creatures vanquished.

Vanquished Creatures (others)
  An adder (D:4)
  A quokka (D:4)
2 creatures vanquished.

Grand Total: 65 creatures vanquished

Notes
Turn   | Place    | Note
-------+----------+-------------------------------------------
     0 | D:1      | xian the Merfolk Ice Elementalist began the quest for the
                  | Orb.
     0 | D:1      | Reached XP level 1. HP: 13/13 MP: 3/3
    23 | D:1      | Got the Octavo of Overcast Pollution
   273 | D:1      | Reached XP level 2. HP: 4/19 MP: 3/5
   866 | D:1      | Reached skill level 5 in Ice Magic
   956 | D:1      | Reached XP level 3. HP: 14/24 MP: 1/6
   960 | D:1      | Learned a level 3 spell: Frozen Ramparts
  1117 | D:1      | Found Eshrih's Antique Armour Emporium.
  1966 | D:2      | Reached XP level 4. HP: 29/30 MP: 3/7
  2299 | D:2      | Reached skill level 1 in Maces & Flails
  2307 | D:2      | Found a faded altar of an unknown god.
  2614 | D:3      | Learned a level 3 spell: Ozocubu's Armour
  2679 | D:3      | Noticed Ijyb
  2726 | D:3      | Killed Ijyb
  2841 | D:3      | Noticed Grinder
  2852 | D:3      | Reached XP level 5. HP: 35/35 MP: 5/9
  2895 | D:3      | Paralysed by Grinder for 5 turns
  3231 | D:4      | Noticed Natasha
  3249 | D:4      | Killed from afar by a white imp

Illustrated notes

Levels and vault maps discovered:
D:1:      dpeg_arrival_radiant, layout_loops_ring, serial_shops, shop,
          minivault_27, minmay_misc_feat_roman
D:2:      layout_loops_ring, ebering_ecumenical_altar_box
D:3:      layout_loops_cross, gammafunk_temple_overflow_pools,
          wad_floor_pattern_2, uniq_terence, uniq_sigmund, uniq_ijyb,
          uniq_grinder
D:4:      layout_basic, roderic_filled_cross, lemuel_old_faithful, uniq_natasha,
          uniq_edmund, uniq_crazy_yiuf_cottage

Skill      XL: |  1  2  3  4  5 |
---------------+----------------+-----
Ice Magic      | 5 |  5.6
Stealth        | 3 |  3.3
Maces & Flails | 1 |  1.0
Dodging        | 3 |  3.0
Spellcasting   | 3 |  3.0
Short Blades   | |  0.4
Armour         | |  0.8

Action                   |  1- 3 |  4- 6 || total
-------------------------+-------+-------++-------
Melee: Mace              |    23 |       ||    23
       Short sword       |    11 |    41 ||    52
 Cast: Freeze            |    39 |    16 ||    55
       Frozen Ramparts   |     3 |     6 ||     9
       Ozocubu's Armour  |       |     5 ||     5
  Use: Potion            |       |     5 ||     5
 Stab: Sleeping          |     3 |     2 ||     5
Armor: Robe              |    16 |    12 ||    28
       Leather armour    |       |     4 ||     4
Dodge: Dodged            |    55 |    39 ||    94
